 Dungeon Crawl Stone Soup version 0.24.0-2-g5b39cebb1c (webtiles) character file.

Game seed: 16205178733198378526, levelgen mode: deterministic

24530 Oravi the Cleaver (level 13, -4/183 HPs)
             Began as a Hill Orc Berserker on Oct 31, 2019.
             Was a High Priest of Trog.
             Slain by Dmuffinman's ghost (8 damage)
             ... on level 1 of the Orcish Mines.
             The game lasted 00:51:59 (11746 turns).

Oravi the Cleaver (Hill Orc Berserker)             Turns: 11746, Time: 00:51:59

Health: -4/183     AC: 24    Str: 30    XL:     13   Next: 13%
Magic:  16/16      EV:  9    Int: 10    God:    Trog [*****.]
Gold:   517        SH:  0    Dex: 13    Spells: 12/12 levels left

rFire    + . .     SeeInvis +   u - +9 executioner's axe of Disarray {chop, rN+ Int+3}
rCold    . . .     Gourm    +   (shield currently unavailable)
rNeg     + + .     Faith    .   y - +3 plate armour
rPois    +         Spirit   .   U - +0 mask of the Dragon {MR+ Slay+3 SInv}
rElec    .         Reflect  .   Q - +2 cloak {rPois}
rCorr    .         Harm     .   h - +0 pair of gloves {Dex+3}
MR       +++..                  x - +0 pair of boots
Stlth    ..........             l - amulet of the gourmand
HPRegen  1.40/turn              g - ring of positive energy
MPRegen  0.15/turn              m - ring of protection from fire

@: berserking, regenerating, very quick
A: no striking features
a: Berserk, Trog's Hand, Brothers in Arms, Renounce Religion


You were on level 1 of the Orcish Mines.
You worshipped Trog.
Trog was extremely pleased with you.
You were very full.

You visited 3 branches of the dungeon, and saw 12 of its levels.
You visited the Abyss 1 time.
You visited 1 bazaar.

You collected 1435 gold pieces.
You spent 918 gold pieces at shops.

Inventory:

Hand Weapons
 u - the +9 executioner's axe of Disarray (weapon) {chop, rN+ Int+3}
   (Trog gifted it to you on level 1 of the Orcish Mines)

   It inflicts extra damage upon your enemies.
   It affects your intelligence (+3).
   It protects you from negative energy.
 w - a +0 war axe
 E - the +7 hand axe of Terra Cotta {drain, MR- Dex+4}
   (You found it on level 5 of the Dungeon)

   A truly terrible weapon, it drains the life of those it strikes.
   It affects your dexterity (+4).
   It affects your resistance to hostile enchantments.
 V - a +0 battleaxe
 Y - a +2 hand axe of venom
Missiles
 s - 5 silver javelins
 z - 138 arrows
 A - 27 boomerangs
 B - 4 curare-tipped darts {!f}
 D - 12 poisoned darts (quivered)
 L - 8 javelins
 R - 7 atropa-tipped darts
Armour
 h - a +0 pair of gloves of dexterity (worn)
 x - a +0 pair of boots (worn)
 y - a +3 plate armour (worn)
 Q - a +2 cloak of poison resistance (worn)
 U - the +0 mask of the Dragon (worn) {MR+ Slay+3 SInv}
   (You found it on level 9 of the Dungeon)

   It affects your accuracy and damage with ranged weapons and melee attacks
   (+3).
   It affects your resistance to hostile enchantments.
   It lets you see invisible.
Jewellery
 g - a ring of positive energy (left hand)
 l - an amulet of the gourmand (around neck)
 m - a ring of protection from fire (right hand)
 F - an uncursed amulet of the acrobat
 W - an uncursed amulet of regeneration
Wands
 b - a wand of iceblast (9)
 Z - a wand of acid (6)
Scrolls
 a - a scroll of fear {unknown}
 f - 7 scrolls of remove curse {@r2}
 i - a scroll of amnesia {unknown}
 k - 3 scrolls of teleportation
 o - a scroll of enchant armour
 p - 5 scrolls of immolation
 q - 5 scrolls of magic mapping
 r - 2 scrolls of random uselessness {unknown}
 v - 3 scrolls of enchant weapon
 C - 5 scrolls of blinking
 I - 3 scrolls of noise {unknown}
 N - a scroll of holy word {unknown}
Potions
 d - a potion of heal wounds
 e - a potion of resistance {unknown}
 j - 3 potions of might
 n - 3 potions of lignification
 t - 5 potions of curing {@q1}
 G - a potion of agility
 H - 2 potions of flight
 J - a potion of haste
 M - 2 potions of ambrosia {unknown}
 O - 3 potions of invisibility {unknown}
 P - 3 potions of mutation {unknown}
 T - a potion of degeneration {unknown}
Comestibles
 c - 17 rations
 S - 3 chunks of flesh


   Skills:
 + Level 13.2 Fighting
 + Level 14.2 Axes
 + Level 9.7 Throwing
 + Level 10.6 Armour
 - Level 1.5 Dodging
   Level 4.0 Shields
 + Level 4.4 Evocations


You had 12 spell levels left.
You didn't know any spells.
Your spell library was empty.

Dungeon Overview and Level Annotations

Branches:
Dungeon (9/15)             Temple (1/1) D:4             Orc (2/2) D:9
    Elf (0/3) Orc:2
   Lair: D:8-11

Altars:
Ashenzari
Elyvilon
Gozag
Kikubaaqudgha
Makhleb
Nemelex Xobeh
Qazlal
Ru
Trog
Beogh

Shops:
Orc:1 =}   Orc:2 [!((

Annotations:
D:8 exclusion: 2 doors
Orc:1 1 transporter, Dmuffinman's ghost, journeyman MiBe


Message History

Your two-headed ogre hits Dmuffinman's ghost with a +0 dire flail!!
You hit Dmuffinman's ghost but do no damage.
Dmuffinman's ghost is severely damaged.
You closely miss the orc knight. You closely miss the orc warlord.
The orc knight hits you with a cursed -3 battleaxe!!
The orc warlord hits you with a +4 dire flail of crushing!!!
* * * LOW HITPOINT WARNING * * *
x2 Dmuffinman's ghost hits you but does no damage.
Your two-headed ogre hits Dmuffinman's ghost but does no damage.
Your two-headed ogre closely misses Dmuffinman's ghost.
You slash Dmuffinman's ghost!
Dmuffinman's ghost is almost destroyed.
You slice the orc knight!! You slash the orc warlord!
The orc warlord hits you with a +4 dire flail of crushing!!
* * * LOW HITPOINT WARNING * * *
x2 The orc knight hits you with a cursed -3 battleaxe!!
* * * LOW HITPOINT WARNING * * *
Dmuffinman's ghost hits you!!
* * * LOW HITPOINT WARNING * * *
You die...

............# ##
.8.......#.############ ###.
.........#............########...
.∩.8........#########..##.#.#....
.....##..#.##©..$...##.#.........
.8....#....#8.#...#.8#.##......._
.......#...#...#.#..[#.#.........
...........#...oO...?#...........
...[>.....©#...W@...!#©.....###..
...........#...o)...?#....### ###
.....#.....#...#.#..?#.[..## #
........#..#8.#..$#.8#.(...#
..#.....#..##.......##.....##
...#....##..#########(.#....#
...###.####........(..###..##
#.## ### ##############...# ^..#
##.##


You could see an orc warlord, an orc knight, Dmuffinman's ghost and a friendly
two-headed ogre (berserk).

Vanquished Creatures
  Erolcha (Orc:1)
  Erica (D:8)
  6 two-headed ogres
  A thrashing horror (Abyss:1)
  2 tengu warriors (D:9)
  4 orc high priests (Orc:2)
  Urug (Orc:1)
  2 large abominations (Abyss:1)
  An orc knight (Orc:2)
  A cyclops (Orc:1)
  An ugly thing (D:9)
  2 orc sorcerers
  A moth of wrath (Orc:2)
  Maurice (Orc:1)
  5 trolls
  A hippogriff (D:9)
  A small abomination (Abyss:1)
  4 golden eyes (Abyss:1)
  A hungry ghost (D:8)
  Menkaure (D:5)
  A warg (Orc:1)
  5 ice beasts
  20 orc warriors
  2 necrophages
  9 ogres
  2 big kobolds
  3 bullfrogs
  5 gnoll sergeants
  4 scorpions
  A water moccasin skeleton (D:9)
  5 killer bees (D:7)
  2 wights (D:9)
  2 howler monkeys (D:9)
  A crimson imp (D:5)
  A jelly (D:7)
  A quasit (D:7)
  2 starcursed masses (Abyss:1)
  2 bullfrog zombies
  A centaur zombie (D:9)
  Crazy Yiuf (D:6)
  A gnoll shaman (D:7)
  7 hounds
  25 orc wizards
  2 bullfrog skeletons
  27 orc priests
  An iguana (D:5)
  11 worker ants
  A hound zombie (D:7)
  A hound skeleton (D:9)
  2 worker ant zombies
  15 gnolls
  A howler monkey skeleton (D:7)
  10 adders
  3 shadow imps (D:9)
  An ufetubus (Abyss:1)
  An adder zombie (D:5)
  A worm (D:4)
  2 dart slugs
  3 leopard geckos
  64 orcs
  3 giant cockroaches
  9 goblins
  3 hobgoblins
  7 jackals
  3 quokkas
  3 ball pythons
  7 bats
  5 frilled lizards
  12 kobolds
  A leopard gecko skeleton (D:6)
  A leopard gecko zombie (D:9)
  A quokka zombie (D:9)
  8 rats
  A plant (D:8)
351 creatures vanquished.

Vanquished Creatures (collateral kills)
  The ghost of KamiKatze the Severer, a journeyman HOFi of Qazlal (Orc:2)
  A stone giant (Orc:2)
  An orc knight (Orc:2)
  2 orc warriors
5 creatures vanquished.

Vanquished Creatures (others)
  A giant cockroach (D:8)
1 creature vanquished.

Grand Total: 357 creatures vanquished

Notes
Turn   | Place    | Note
-------+----------+-------------------------------------------
     0 | D:1      | Oravi the Hill Orc Berserker began the quest for the Orb.
     0 | D:1      | Reached XP level 1. HP: 19/19 MP: 1/1
   328 | D:1      | Reached XP level 2. HP: 24/27 MP: 2/2
   688 | D:1      | Reached ** piety under Trog
  1082 | D:2      | Reached XP level 3. HP: 31/34 MP: 3/3
  1115 | D:2      | Found a faded altar of an unknown god.
  1158 | D:2      | Found a sacrificial altar of Ru.
  1258 | D:2      | Found an opulent altar of Gozag.
  1302 | D:2      | Reached skill level 5 in Axes
  1974 | D:3      | Reached XP level 4. HP: 36/41 MP: 4/4
  2001 | D:3      | Reached skill level 5 in Fighting
  2893 | D:4      | Reached skill level 1 in Shields
  2893 | D:4      | Reached XP level 5. HP: 48/48 MP: 5/5
  3228 | D:4      | Found a shattered altar of Ashenzari.
  3258 | D:4      | Found a staircase to the Ecumenical Temple.
  3266 | Temple   | Entered the Ecumenical Temple
  3289 | D:4      | Reached skill level 6 in Axes
  3289 | D:4      | Reached skill level 1 in Throwing
  3308 | D:4      | Reached *** piety under Trog
  3332 | D:4      | Reached XP level 6. HP: 34/56 MP: 6/6
  3921 | D:5      | Entered Level 5 of the Dungeon
  3922 | D:5      | Found a stormy altar of Qazlal.
  4023 | D:5      | Found a sparkling altar of Nemelex Xobeh.
  4062 | D:5      | Noticed Menkaure
  4072 | D:5      | Killed Menkaure
  4072 | D:5      | Reached XP level 7. HP: 36/63 MP: 7/7
  4130 | D:5      | Reached skill level 7 in Axes
  4278 | D:5      | Reached XP level 8. HP: 44/71 MP: 8/8
  4600 | D:5      | Got a scorched hand axe
  4601 | D:5      | Identified the +7 hand axe of Terra Cotta {drain, MR-
                  | Dex+4} (You found it on level 5 of the Dungeon)
  4794 | D:6      | Reached skill level 8 in Axes
  4834 | D:6      | Reached **** piety under Trog
  4931 | D:6      | Found an ancient bone altar of Kikubaaqudgha.
  5096 | D:6      | Found a runed translucent door.
  5339 | D:6      | Found a runed translucent door.
  5340 | D:6      | Noticed Crazy Yiuf
  5578 | D:6      | Reached skill level 9 in Axes
  5578 | D:6      | Reached XP level 9. HP: 63/81 MP: 9/9
  5590 | D:6      | Found a roughly hewn altar of Beogh.
  5651 | D:6      | Killed Crazy Yiuf
  5709 | D:7      | Received a gift from Trog
  5780 | D:7      | Reached skill level 5 in Throwing
  5878 | D:7      | Noticed a two-headed ogre
  5886 | D:7      | Reached ***** piety under Trog
  5927 | D:7      | Killed a two-headed ogre
  5927 | D:7      | Reached skill level 10 in Axes
  5927 | D:7      | Reached skill level 5 in Armour
  6213 | D:8      | Noticed a two-headed ogre
  6224 | D:8      | Killed a two-headed ogre
  6224 | D:8      | Reached XP level 10. HP: 92/92 MP: 10/10
  6347 | D:8      | Noticed a two-headed ogre
  6363 | D:8      | Killed a two-headed ogre
  6363 | D:8      | Reached skill level 10 in Fighting
  6363 | D:8      | Reached skill level 11 in Axes
  6550 | D:8      | Found a white marble altar of Elyvilon.
  6829 | D:8      | Found a sacrificial altar of Ru.
  6994 | D:9      | Noticed Erica
  7040 | D:8      | Killed Erica
  7353 | D:9      | Reached XP level 11. HP: 88/101 MP: 11/11
  7471 | D:9      | Noticed a two-headed ogre
  7487 | D:9      | Killed a two-headed ogre
  7497 | D:9      | Reached skill level 12 in Axes
  7574 | D:9      | Noticed a green ugly thing
  7584 | D:9      | Killed a green ugly thing
  7645 | D:9      | Noticed a two-headed ogre
  7666 | D:9      | Killed a two-headed ogre
  7772 | D:9      | Found the +0 mask of the Dragon {MR+ Slay+3 SInv}
  7838 | D:9      | Noticed a tengu warrior
  7846 | D:9      | Killed a tengu warrior
  7949 | D:9      | Found a burning altar of Makhleb.
  8080 | D:9      | Found a staircase to the Orcish Mines.
  8176 | D:9      | Noticed a tengu warrior
  8190 | D:9      | Killed a tengu warrior
  8356 | Orc:1    | Entered Level 1 of the Orcish Mines
  8363 | Orc:1    | Noticed Maurice
  8370 | Orc:1    | Killed Maurice
  8374 | Orc:1    | Noticed an orc sorcerer
  8381 | Orc:1    | Paralysed by an orc sorcerer for 2 turns
  8384 | Orc:1    | Killed an orc sorcerer
  8385 | Orc:1    | Found Bemit's Jewellery Shoppe.
  8387 | Orc:1    | Received a gift from Trog
  8388 | Orc:1    | Cast into level 1 of the Abyss (orc warrior)
  8388 | Abyss:1  | Found a corrupted altar of Lugonu.
  8443 | Abyss:1  | Noticed a thrashing horror
  8465 | Abyss:1  | Noticed a large abomination
  8470 | Abyss:1  | Reached skill level 13 in Axes
  8470 | Abyss:1  | Reached XP level 12. HP: 85/112 MP: 12/12
  8480 | Abyss:1  | Killed a thrashing horror
  8523 | Abyss:1  | Noticed a starcursed mass
  8539 | Abyss:1  | Found a corrupted altar of Lugonu.
  8593 | Abyss:1  | Noticed a cyan very ugly thing
  8594 | Abyss:1  | Noticed a cyan very ugly thing
  8594 | Abyss:1  | Noticed a cyan very ugly thing
  8603 | Abyss:1  | Noticed a starcursed mass
  8640 | Orc:1    | Escaped the Abyss
  8841 | Orc:1    | Got an ebony executioner's axe {god gift}
  8847 | Orc:1    | Identified the +9 executioner's axe of Disarray {chop, rN+
                  | Int+3} (Trog gifted it to you on level 1 of the Orcish
                  | Mines)
  8894 | Orc:1    | Found a transporter.
  8900 | Orc:1    | Found a transporter.
  8900 | Orc:1    | Noticed Dmuffinman's ghost (journeyman MiBe)
  8904 | Orc:1    | Noticed an orc warlord
  8915 | Orc:1    | Noticed Erolcha
  8917 | Orc:1    | Noticed Urug
  8923 | Orc:1    | Killed Erolcha
  8923 | Orc:1    | Reached skill level 1 in Evocations
  8927 | Orc:1    | Killed Urug
  8944 | Orc:1    | Found a roughly hewn altar of Beogh.
  8970 | Orc:1    | Found Ezyx's Gadget Shop.
  9596 | Orc:2    | Entered Level 2 of the Orcish Mines
  9633 | Orc:2    | Noticed an orc high priest
 10037 | Orc:2    | Killed an orc high priest
 10074 | Orc:2    | Reached skill level 10 in Armour
 10076 | Orc:2    | Received a gift from Trog
 10411 | Orc:2    | Noticed an orc high priest
 10417 | Orc:2    | Killed an orc high priest
 10417 | Orc:2    | Noticed an orc high priest
 10422 | Orc:2    | Noticed a sun demon
 10422 | Orc:2    | Killed an orc high priest
 10423 | Orc:2    | Noticed an orc high priest
 10432 | Orc:2    | Killed an orc high priest
 10445 | Orc:2    | Found a flickering gateway to a bazaar.
 10464 | Bazaar   | Entered a bazaar
 10464 | Bazaar   | Found Tigruwk's Magic Scroll Shoppe.
 10464 | Bazaar   | Found Cunkes's Food Shoppe.
 10464 | Bazaar   | Found Qeaceso's Assorted Antiques.
 10464 | Bazaar   | Found Gocerghosyf's Antique Weapon Shoppe.
 10488 | Bazaar   | Bought a dark potion for 29 gold pieces
 10488 | Bazaar   | Bought a scroll labeled JEDOKL KOGUIFA for 33 gold pieces
 10488 | Bazaar   | Bought a scroll labeled SYDI ZEOCSYTUI for 33 gold pieces
 10488 | Bazaar   | Bought a scroll of teleportation for 99 gold pieces
 10490 | Bazaar   | Bought a scroll of enchant armour for 120 gold pieces
 10490 | Bazaar   | Bought a scroll of blinking for 120 gold pieces
 10490 | Bazaar   | Bought a scroll of identify for 32 gold pieces
 10490 | Bazaar   | Bought a scroll of magic mapping for 56 gold pieces
 10490 | Bazaar   | Bought a scroll of identify for 32 gold pieces
 10490 | Bazaar   | Bought a scroll of enchant weapon for 120 gold pieces
 10490 | Bazaar   | Bought a scroll of identify for 32 gold pieces
 10490 | Bazaar   | Bought a scroll of magic mapping for 56 gold pieces
 10490 | Bazaar   | Bought a scroll of teleportation for 48 gold pieces
 10494 | Bazaar   | Bought a glowing hand axe for 108 gold pieces
 10708 | Orc:2    | Found a transporter.
 10715 | Orc:2    | Identified the +4 glaive of Watchfulness {freeze, *Slow
                  | +Inv rF- Dex+8}
 10717 | Orc:2    | Found a bloodstained altar of Trog.
 10717 | Orc:2    | Noticed KamiKatze's ghost (journeyman HOFi)
 10718 | Orc:2    | Noticed a stone giant
 10734 | Orc:2    | Found a transporter.
 10737 | Orc:2    | Identified the +4 great sword of Uskayaw's Regard {flame,
                  | +Fly Int+2}
 10850 | Orc:2    | Found Gysem's Antique Weapon Boutique.
 10850 | Orc:2    | Found Sacoppyd's Weapon Boutique.
 10851 | Orc:2    | Found Awighinuh's Antique Armour Shop.
 10854 | Orc:2    | Found Qobrir's Distillery.
 10940 | Orc:2    | Found a staircase to the Elven Halls.
 11167 | Orc:2    | Noticed a two-headed ogre
 11298 | Orc:2    | Reached skill level 14 in Axes
 11299 | Orc:2    | Killed KamiKatze's ghost
 11299 | Orc:2    | Reached XP level 13. HP: 27/122 MP: 15/15
 11564 | Orc:2    | Killed a stone giant
 11581 | Orc:2    | Received a gift from Trog
 11746 | Orc:1    | HP: 4/183 [Dmuffinman's ghost (24)]
 11746 | Orc:1    | Slain by Dmuffinman's ghost

Levels and vault maps discovered:
D:1:      roderic_dead_forest, layout_loops_ring
D:2:      layout_basic, lemuel_doored_altar, grunt_gozag_statues,
          chequers_ecumenical_altar_island, minmay_misc_feat_roman
D:3:      layout_basic
D:4:      layout_loops_ring, ashenzari_altar_1, minmay_temple_entry_ruins
D:5:      layout_loops_ring, kennysheep_mini, first_ration, basic_altar,
          uniq_menkaure
D:6:      layout_gridville, lemuel_coloured_pillars_altar,
          lightli_church_of_beogh, uniq_crazy_yiuf_cottage
D:7:      layout_rooms
D:8:      layout_loops_ring, elyvilon_altar_4, blue_anna_alchemist
          [blue_anna_fruit_fields, blue_anna_fruit_fields],
          nicolae_ru_great_annihilating_truth
D:9:      minmay_the_grid_net [minmay_the_grid_square_x,
          minmay_the_grid_gridbox, minmay_the_grid_rooms,
          minmay_the_grid_holed_spiral, minmay_the_grid_minigrid_small,
          minmay_the_grid_prize_shrinking_boxes], layout_irregular_city,
          kennysheep_orc_monster_closet_entryway, makhleb_blood_cavern_becter,
          uniq_erica
Temple:   eino_temple_scatter_basement
Orc:1:    layout_caves, serial_shops, nicolae_shop_statue_plus, shop,
          basic_altar, gammafunk_ghost_arena, uniq_maurice, uniq_erolcha,
          uniq_urug
Orc:2:    st_orc_mages, layout_caves, gammafunk_ghost_wrathful_warriors,
          serial_shops, bzr_entry_lakeside

Skill      XL: |  1  2  3  4  5  6  7  8  9 10 11 12 13 |
---------------+----------------------------------------+-----
Fighting       | 4 5 6 8 9 10 12 13 | 13.2
Axes           | 5 6 7 9 10 11 13 14 | 14.2
Shields        | 1 2 3 4 |  4.0
Throwing       | 1 2 3 4 6 7 8 9 |  9.7
Armour         | 3 5 7 9 10 | 10.6
Evocations     | 3 4 |  4.4
Dodging        | |  1.5

Action                   |  1- 3 |  4- 6 |  7- 9 | 10-12 | 13-15 || total
-------------------------+-------+-------+-------+-------+-------++-------
Melee: Hand axe          |    88 |    68 |   178 |   331 |       ||   665
       War axe           |       |    73 |    75 |    48 |       ||   196
       Executioner's axe |       |       |       |   133 |    13 ||   146
Throw: Dart              |       |     4 |    11 |    32 |       ||    47
Invok: Berserk           |     2 |     2 |     5 |    10 |     1 ||    20
       Trog's Hand       |       |     1 |       |     6 |     1 ||     8
       Brothers in Arms  |       |       |       |     2 |     2 ||     4
Evoke: Wand              |       |       |       |     1 |       ||     1
  Use: Scroll            |       |     1 |     8 |     8 |     2 ||    19
       Potion            |       |       |       |     2 |     1 ||     3
 Stab: Sleeping          |     1 |       |       |       |       ||     1
       Invisible         |       |       |       |     1 |       ||     1
       Paralysed         |       |       |       |     1 |       ||     1
  Eat: Chunk             |    10 |    15 |    12 |    34 |     3 ||    74
Armor: Animal skin       |    14 |     3 |       |       |       ||    17
       Ring mail         |       |    14 |       |       |       ||    14
       Scale mail        |       |    27 |    48 |       |       ||    75
       Chain mail        |       |       |    63 |   207 |     4 ||   274
       Plate armour      |       |       |       |       |     1 ||     1
Dodge: Dodged            |    49 |    76 |    81 |   176 |     2 ||   384
Block: Buckler           |       |    30 |    47 |    53 |       ||   130
